[Event "Team 45 45 League T60"]
[Site "Internet Chess Club"]
[Date "2014.03.21"]
[Round "4"]
[White "IshanR"]
[Black "jonesey"]
[Result "0-1"]
[WhiteElo "1788"]
[BlackElo "1882"]
[Opening "Benoni: 6.e4"]
[ECO "A65"]
[Time "04:03:58"]
[TimeControl "2700+45"]

1. d4 Nf6 2. c4 e6 3. Nc3 c5 4. d5 exd5 5. cxd5 d6 6. e4 g6 7. Nge2 Bg7 8. Ng3
O-O 9. Be2 a6 10. a4 Re8 11. O-O Nbd7 12. f3 Nf8 13. Bg5 Bd7 14. Qb3 Qc7 15. a5
Reb8 16. Na4 Bxa4 17. Qxa4 b5 18. axb6 Rxb6 19. Bxa6 Rbxa6 20. Qxa6 Rxa6 21.
Rxa6 N6d7 22. Rfa1 Bxb2 23. Rc6 Qb8 24. Raa6 Bd4+ 25. Kf1 Qb1+ 26. Ke2 Ne5 27.
Rab6 Qc2+ 28. Ke1 Nd3+ 29. Kf1 Qf2# {White checkmated} 0-1

[Event "Team 45 45 League T60"]
[Site "Internet Chess Club"]
[Date "2014.03.23"]
[Round "4"]
[White "RubberDuck"]
[Black "jrobic7"]
[Result "1/2-1/2"]
[WhiteElo "1912"]
[BlackElo "1775"]
[Opening "Sicilian: Najdorf, Opocensky variation"]
[ECO "B92"]
[Time "10:30:26"]
[TimeControl "2700+45"]

1. e4 c5 2. Nf3 d6 3. d4 cxd4 4. Nxd4 Nf6 5. Nc3 a6 6. Be2 e5 7. Nb3 Be6 8. Bg5
Be7 9. O-O Nbd7 10. Qd2 O-O 11. Rad1 b5 12. f3 Rc8 13. a3 Qc7 14. Rc1 h6 15. Be3
Nc5 16. Nxc5 dxc5 17. Rfd1 Rfd8 18. Qe1 Rxd1 19. Qxd1 Rd8 20. Qe1 c4 21. Qf2 Nd7
22. Rd1 {Game drawn by mutual agreement} 1/2-1/2

[Event "Team 45 45 League T60"]
[Site "Internet Chess Club"]
[Date "2014.03.23"]
[Round "4"]
[White "netballgirl"]
[Black "gcl"]
[Result "1-0"]
[WhiteElo "1709"]
[BlackElo "1726"]
[Opening "Queen's pawn game, Krause variation"]
[ECO "D02"]
[Time "18:00:18"]
[TimeControl "2700+45"]

1. Nf3 d5 2. d4 c5 3. c4 dxc4 4. e3 cxd4 5. exd4 Nf6 6. Bxc4 e6 7. O-O Be7 8.
Nc3 O-O 9. Bg5 Nbd7 10. Rc1 h6 11. Bh4 a6 12. a4 Nb6 13. Bb3 Re8 14. Qe2 Nbd5
15. Nxd5 Nxd5 16. Bg3 b6 17. Rfd1 Bb7 18. Ne5 Rc8 19. Rxc8 Qxc8 20. Bc4 Bg5 21.
h4 Be7 22. Bd3 Rd8 23. Be4 Nb4 24. Qf3 Bxe4 25. Qxf7+ Kh7 26. Qxe7 Nc2 27. h5
Nxd4 28. Re1 Bf5 29. Bh4 Re8 30. Qf7 Rf8 31. Qe7 Re8 32. Qf7 Nc2 33. Bf6 Rg8 34.
Rd1 Qe8 35. Qxe8 Rxe8 36. Rd7 Rg8 37. Ng6 Bxg6 38. hxg6+ Kxg6 39. Bc3 Kf5 40.
Bxg7 h5 41. Bc3 b5 42. axb5 axb5 43. Rb7 b4 44. Bxb4 Nxb4 45. Rxb4 Rd8 46. Rh4
Rd1+ 47. Kh2 Kg5 48. Kg3 Rd3+ 49. f3 Rb3 50. Re4 Rxb2 51. Rxe6 h4+ 52. Kh2 Rb4
53. Re5+ Kg6 54. Re4 Rxe4 55. fxe4 Kg5 56. Kh3 Kh5 57. e5 Kg5 58. e6 Kf6 59.
Kxh4 Kxe6 60. Kg5 Kf7 61. Kh6 Kg8 62. Kg6 Kh8 63. g4 Kg8 64. g5 Kh8 65. Kf7
{Black resigns} 1-0

[Event "Team 45 45 League T60"]
[Site "Internet Chess Club"]
[Date "2014.03.25"]
[Round "4"]
[White "chess9397"]
[Black "fhunfi"]
[Result "0-1"]
[WhiteElo "1743"]
[BlackElo "2013"]
[Opening "French: Tarrasch, Guimard main line"]
[ECO "C04"]
[Time "20:32:35"]
[TimeControl "2700+45"]

1. e4 e6 2. d4 d5 3. Nd2 Nc6 4. Ngf3 Nf6 5. e5 Nd7 6. Be2 f6 7. exf6 Qxf6 8. Nb3
Bd6 9. Be3 O-O 10. O-O Nb6 11. c3 Bd7 12. Bg5 Qf7 13. Bd3 e5 14. dxe5 Nxe5 15.
Nxe5 Bxe5 16. Qc2 g6 17. Rae1 Bf6 18. Bh6 Bg7 19. Bg5 Rae8 20. Nc5 Bc6 21. h4 d4
22. f3 dxc3 23. bxc3 Rxe1 24. Rxe1 Re8 25. Rd1 Re5 26. Ne4 Ba4 27. Qd2 Bxd1 28.
Qxd1 Rd5 29. Qe2 Qd7 30. Bc4 Nxc4 31. Qxc4 Qb5 32. Qxb5 Rxb5 33. Bd2 Ra5 34. Kf2
Rxa2 35. Ke3 a5 36. Kd3 b5 37. Nc5 a4 38. Ne6 a3 39. Nxc7 Rxd2+ 40. Kxd2 {White
resigns} 0-1

[Event "Team 45 45 League T60"]
[Site "Internet Chess Club"]
[Date "2014.03.21"]
[Round "4"]
[White "RamRock"]
[Black "DouDou"]
[Result "1-0"]
[WhiteElo "1791"]
[BlackElo "1851"]
[Opening "Ruy Lopez: Treybal (Bayreuth) variation (exchange var. deferred)"]
[ECO "C77"]
[Time "21:00:33"]
[TimeControl "2700+45"]

1. e4 e5 2. Nf3 Nc6 3. Bb5 a6 4. Ba4 Nf6 5. Bxc6 dxc6 6. d3 Bd6 7. Nbd2 O-O 8.
Nc4 Re8 9. Bd2 b5 10. Ne3 Qe7 11. b3 Ng4 12. h3 Nxe3 13. Bxe3 f5 14. exf5 Bxf5
15. Nd2 Rad8 16. Qe2 Qf6 17. O-O Qg6 18. Qf3 Bd7 19. Ne4 Rf8 20. Qg3 Qxg3 21.
Nxg3 Be6 22. Ne4 Be7 23. Bc5 Bxc5 24. Nxc5 Bc8 25. Rfe1 Rd5 26. b4 Re8 27. Re3
a5 28. a3 Kf7 29. Rae1 Kf6 30. f4 axb4 31. axb4 g5 32. Ne4+ Kf5 33. fxg5 Kg6 34.
Nf6 Rf8 35. Nxd5 cxd5 36. Rxe5 Rf5 37. Rxf5 Kxf5 38. Re7 Kxg5 39. Rxh7 c6 40.
Rc7 Bf5 41. Rxc6 Bd7 42. Rc5 Kf6 43. Rxd5 Ke6 44. Rxd7 Kxd7 45. Kf2 Ke6 46. Ke3
Ke5 47. g4 Kf6 48. Kf4 Kg6 49. h4 Kh6 50. Ke5 Kg6 51. Kd5 Kh6 52. Kc5 Kg6 53.
Kxb5 Kh6 54. Kc5 Kg6 55. Kd5 Kh6 56. b5 Kg6 57. b6 Kh6 58. b7 Kg6 59. b8=Q Kh6
60. c3 Kg6 61. c4 Kh6 62. c5 Kg6 63. c6 Kh6 64. c7 Kg6 65. c8=R Kh6 66. Rc6+ Kh7
67. Qb7+ Kh8 68. Rc8# {Black checkmated} 1-0

[Event "Team 45 45 League T60"]
[Site "Internet Chess Club"]
[Date "2014.03.22"]
[Round "4"]
[White "hood"]
[Black "hewdondada"]
[Result "1/2-1/2"]
[WhiteElo "1848"]
[BlackElo "1706"]
[Opening "Scandinavian (center counter) defense"]
[ECO "B01"]
[Time "22:04:07"]
[TimeControl "2700+45"]

1. e4 d5 2. exd5 Qxd5 3. Nc3 Qa5 4. Nf3 c6 5. Bc4 Bf5 6. d4 e6 7. O-O Nf6 8. Re1
Bb4 9. Bd2 O-O 10. a3 Bxc3 11. Bxc3 Qc7 12. h3 Nbd7 13. Bd3 Bxd3 14. Qxd3 Rad8
15. Rad1 Rfe8 16. Bd2 h6 17. Qe2 b5 18. g3 Nd5 19. b3 N5f6 20. c4 a6 21. Rc1 Qb7
22. Bb4 Nf8 23. Bxf8 Kxf8 24. c5 a5 25. b4 axb4 26. axb4 Nd5 27. Qd2 Ra8 28. Ra1
Ra4 29. Reb1 Rea8 30. Rxa4 Rxa4 31. Ne5 Qa8 32. Kg2 Qe8 33. Qb2 Rxb4 34. Qc2
Rxb1 35. Qxb1 f6 36. Nf3 b4 37. Nd2 Qa8 38. Nc4 Qb8 39. Nd6 Kg8 40. Qe4 b3 41.
Qxe6+ Kh7 42. Qf5+ Kg8 43. Qe6+ Kh7 44. Qf5+ Kg8 45. Qe6+ {Game drawn by
repetition} 1/2-1/2

[Event "Team 45 45 League T60"]
[Site "Internet Chess Club"]
[Date "2014.03.23"]
[Round "4"]
[White "Beefstick"]
[Black "joebobpop"]
[Result "0-1"]
[WhiteElo "1534"]
[BlackElo "1912"]
[Opening "Scotch: Schmidt variation"]
[ECO "C45"]
[Time "14:31:45"]
[TimeControl "2700+45"]

1. e4 e5 2. Nf3 Nc6 3. d4 exd4 4. Nxd4 Nf6 5. Nxc6 bxc6 6. Bd3 Bc5 7. O-O O-O 8.
Bg5 h6 9. Bh4 d6 10. Nc3 Re8 11. Kh1 Bb7 12. Qd2 d5 13. exd5 cxd5 14. Rfe1 Qd7
15. Bxf6 Qg4 16. f3 Qh5 17. Na4 Bd6 18. g4 Qh3 19. Qf2 d4 20. Bxd4 Bxf3+ 21. Kg1
Qxg4+ 22. Kf1 Qh3+ 23. Kg1 Qg4+ 24. Kf1 Re6 25. Rxe6 fxe6 26. Ke1 Rf8 27. Kd2 e5
28. Bxa7 Qxa4 29. a3 c5 30. Bxc5 Qa5+ 31. b4 Qd8 32. Bxd6 Qxd6 33. b5 e4 34. a4
exd3 35. cxd3 Qb4+ 36. Kc1 Rc8+ 37. Qc2 Qe1+ {White resigns} 0-1

[Event "Team 45 45 League T60"]
[Site "Internet Chess Club"]
[Date "2014.03.21"]
[Round "4"]
[White "jjmolina"]
[Black "Cryptochess"]
[Result "1/2-1/2"]
[WhiteElo "1835"]
[BlackElo "2111"]
[Opening "Pirc: classical, h3 system"]
[ECO "B08"]
[Time "12:43:37"]
[TimeControl "2700+45"]

1. e4 d6 2. d4 Nf6 3. Nc3 g6 4. Nf3 Bg7 5. h3 O-O 6. Be3 a6 7. a4 b6 8. Bc4 e6
9. O-O Bb7 10. d5 e5 11. Qd2 Nbd7 12. Bh6 Bc8 13. Bxg7 Kxg7 14. Rfe1 h6 15. Re3
Nh5 16. Bf1 f5 17. exf5 gxf5 18. Ra3 Ndf6 19. Qe2 Nf4 20. Qd1 Bb7 21. Bc4 Kh7
22. Kh2 b5 23. axb5 axb5 24. Nxb5 N6xd5 25. Rxa8 Bxa8 26. Ra3 c6 27. Ra7+ Kh8
28. Bxd5 Nxd5 29. Nc3 Nf4 30. Qd2 c5 31. Ne1 Rf6 32. g3 Ne6 33. Nd5 Bxd5 34.
Qxd5 Nf8 35. Ra8 Qe7 36. Rb8 Qf7 37. Qxf7 Rxf7 38. Rd8 Rf6 39. Ng2 Kg7 40. Ne3
f4 41. Nd1 fxg3+ 42. fxg3 Kf7 43. Kg2 Ke7 44. Ra8 Nd7 45. Rh8 Nf8 46. Nf2 Kf7
47. Ng4 Rg6 48. Rxh6 Rxh6 49. Nxh6+ Kg6 50. Ng4 Ne6 51. Ne3 e4 52. c3 Kf6 53.
Ng4+ Kf5 54. Ne3+ Ke5 55. Ng4+ Kf5 56. Ne3+ Ke5 57. Ng4+ Kf5 {Game drawn by
repetition} 1/2-1/2

[Event "Team 45 45 League T60"]
[Site "Internet Chess Club"]
[Date "2014.03.21"]
[Round "4"]
[White "Nb4"]
[Black "primerpaso"]
[Result "1-0"]
[WhiteElo "1983"]
[BlackElo "1935"]
[Opening "Nimzo-Indian: 4.e3 c5, 5.Ne2 (Rubinstein, anti-Hübner system)"]
[ECO "E42"]
[Time "16:02:47"]
[TimeControl "2700+45"]

1. d4 Nf6 2. c4 e6 3. Nc3 Bb4 4. e3 c5 5. Ne2 d5 6. a3 cxd4 7. Qxd4 Nc6 8. Qd1
Be7 9. cxd5 exd5 10. Nf4 d4 11. Nb5 dxe3 12. Qxd8+ Kxd8 13. Bxe3 Bf5 14. Be2 Kc8
15. Rc1 Kb8 16. Bf3 Bd7 17. Nd5 Nxd5 18. Bxd5 Bf6 19. O-O Bxb2 20. Bf4+ Kc8 21.
Rc2 Kd8 22. Rxb2 {Black resigns} 1-0

[Event "Team 45 45 League T60"]
[Site "Internet Chess Club"]
[Date "2014.03.24"]
[Round "4"]
[White "Baseta"]
[Black "The7thGuest"]
[Result "0-1"]
[WhiteElo "1822"]
[BlackElo "1936"]
[Opening "Sicilian: Smith-Morra gambit"]
[ECO "B21"]
[Time "14:00:17"]
[TimeControl "2700+45"]

1. e4 c5 2. d4 cxd4 3. c3 dxc3 4. Nxc3 Nc6 5. Nf3 e6 6. Bc4 d6 7. Qe2 a6 8. O-O
Nf6 9. a3 Be7 10. Rd1 Qc7 11. Bg5 h6 12. Bh4 O-O 13. Rac1 Qb8 14. Ba2 Ne5 15.
Nd4 Ng6 16. Bg3 Rd8 17. f4 e5 18. Nf5 Bf8 19. fxe5 Bxf5 20. exf5 Nxe5 21. Nd5
Nxd5 22. Bxd5 Be7 23. Qe4 Bf6 24. Bxb7 Ra7 25. Bd5 Qxb2 26. Bf2 Re7 27. Qa4 Nd3
28. Rc2 Qe5 29. Qc4 Nxf2 30. Rxf2 a5 31. Rf3 Rb8 32. Qd3 Rb2 33. Rd2 Qe1+ {White
resigns} 0-1

[Event "Team 45 45 League T60"]
[Site "Internet Chess Club"]
[Date "2014.03.21"]
[Round "4"]
[White "LazyPeon"]
[Black "frank001"]
[Result "1-0"]
[WhiteElo "1861"]
[BlackElo "1799"]
[Opening "Benoni: fianchetto variation"]
[ECO "A63"]
[Time "04:00:12"]
[TimeControl "2700+45"]

1. d4 Nf6 2. c4 c5 3. d5 e6 4. Nc3 exd5 5. cxd5 d6 6. g3 g6 7. Bg2 Bg7 8. Nf3
O-O 9. O-O a6 10. a4 Nbd7 11. Bf4 Qe7 12. Re1 Rb8 13. a5 Nh5 14. Bg5 f6 15. Bd2
f5 16. e4 Qf6 17. Bg5 Qf7 18. Qc2 h6 19. Bd2 b5 20. axb6 Rxb6 21. Na4 Rb8 22.
Ba5 Ne5 23. Nxe5 Bxe5 24. Bc3 Bxc3 25. Nxc3 Rb4 26. e5 Qb7 27. exd6 Rxb2 28. Qc1
Qb4 29. Na4 Rb3 30. Qxh6 Bd7 31. Re7 Rb1+ 32. Rxb1 Qxb1+ 33. Bf1 Rf7 34. Qxg6+
Rg7 35. Qxh5 Bb5 36. Re8+ Bxe8 37. Qxe8+ Kh7 38. d7 {Black resigns} 1-0

[Event "Team 45 45 League T60"]
[Site "Internet Chess Club"]
[Date "2014.03.23"]
[Round "4"]
[White "chess9793"]
[Black "CuatroPrincesas"]
[Result "1/2-1/2"]
[WhiteElo "2146"]
[BlackElo "2223"]
[Opening "Sicilian: Najdorf, Byrne (English) attack"]
[ECO "B90"]
[Time "17:00:56"]
[TimeControl "2700+45"]

1. e4 c5 2. Nf3 d6 3. d4 cxd4 4. Nxd4 Nf6 5. Nc3 a6 6. Be3 Ng4 7. Bg5 h6 8. Bh4
g5 9. Bg3 Bg7 10. h3 Ne5 11. Nf5 Bxf5 12. exf5 Nbc6 13. Nd5 O-O 14. c3 e6 15.
Ne3 d5 16. fxe6 fxe6 17. Be2 Ng6 18. O-O Nf4 19. Bg4 Qe7 20. Re1 Ne5 21. Qb3
Rad8 22. Rad1 Qf7 23. Qb6 Kh8 24. Rd2 Rde8 25. Bd1 Rc8 26. a4 Rc6 27. Qb3 Ned3
28. Bxf4 Nc5 29. Qc2 Qxf4 30. g3 Qf7 31. Ng4 Qf5 32. Qxf5 Rxf5 33. Bc2 Rf8 34.
Kg2 Kg8 35. Ne5 Rc7 36. a5 Rd8 37. Rde2 d4 38. Rd2 d3 39. Nxd3 Rcd7 40. Red1 h5
41. Kf3 h4 42. g4 Be5 43. Ke3 Bc7 44. b4 Nxd3 45. Rxd3 Rxd3+ 46. Rxd3 Rxd3+ 47.
Kxd3 Kf7 48. c4 Ke7 49. Kd4 Kd7 50. Be4 Kc8 51. c5 Bf4 52. c6 bxc6 53. Bxc6 Kc7
54. Be4 Bd2 55. Kc5 Bf4 56. b5 axb5 57. Kxb5 Kb8 58. Kb6 Be5 59. f3 Bd4+ 60. Kc6
e5 61. Kd6 Ka7 62. Bd3 Be3 63. Kxe5 Bf4+ 64. Kf6 Kb7 65. Bb5 Ka7 66. Ke6 Kb7 67.
Kd5 Ka7 68. Kc6 Be3 69. Bd3 Bf4 70. Kb5 Be3 71. f4 Bxf4 {Game drawn by mutual
agreement} 1/2-1/2

[Event "Team 45 45 League T60"]
[Site "Internet Chess Club"]
[Date "2014.03.22"]
[Round "4"]
[White "f5"]
[Black "chessfan"]
[Result "1-0"]
[WhiteElo "2177"]
[BlackElo "1889"]
[Opening "Neo-Grünfeld, 6.O-O c6"]
[ECO "D78"]
[Time "23:30:19"]
[TimeControl "2700+45"]

1. d4 Nf6 2. Nf3 g6 3. g3 Bg7 4. Bg2 O-O 5. O-O d5 6. c4 c6 7. b3 dxc4 8. bxc4
c5 9. Bb2 Na6 10. Nbd2 Rb8 11. e3 Bf5 12. Qb3 Qd7 13. Ne5 Qc8 14. d5 Bh3 15. f4
Bxg2 16. Kxg2 Qf5 17. Rad1 Rfd8 18. Rfe1 Ne4 19. g4 Nxd2 20. Rxd2 Qc8 21. h3 Rd6
22. e4 f6 23. Nf3 Rb6 24. Qe3 h5 25. gxh5 gxh5 26. Nh4 Qe8 27. Kh2 Kh8 28. Rg1
Qf7 29. Rg6 Nc7 30. Qf3 {Black resigns} 1-0

[Event "Team 45 45 League T60"]
[Site "Internet Chess Club"]
[Date "2014.03.22"]
[Round "4"]
[White "DouDou"]
[Black "LittleButton"]
[Result "0-1"]
[WhiteElo "1824"]
[BlackElo "1933"]
[Opening "Sicilian: dragon, Yugoslav attack, 9.Bc4"]
[ECO "B77"]
[Time "13:03:32"]
[TimeControl "2700+45"]

1. e4 c5 2. Nf3 d6 3. d4 cxd4 4. Nxd4 Nf6 5. Nc3 g6 6. Be3 Bg7 7. f3 Nc6 8. Qd2
O-O 9. Bc4 Nd7 10. O-O-O Nb6 11. Bb3 Na5 12. Qd3 Bd7 13. Nd5 Nxb3+ 14. Nxb3 Nxd5
15. exd5 Rc8 16. g4 Qc7 17. c3 a5 18. Nd4 a4 19. a3 Qa5 20. Nc2 Bb5 21. Qd2 Rc7
22. Bd4 Bxd4 23. Qxd4 Bc4 24. Ne3 Rfc8 25. Nxc4 Rxc4 26. Qd3 Rxc3+ 27. bxc3
Rxc3+ 28. Kb1 Rxd3 29. Rxd3 Qb5+ 30. Kc2 Qc4+ 31. Kd2 b5 32. Rc1 Qf4+ 33. Kd1
Qxh2 34. Rc8+ Kg7 35. Rc2 Qg1+ 36. Kd2 Qb6 37. Rb2 h5 38. gxh5 gxh5 39. Rb4 Qf2+
40. Kc3 h4 41. Rg4+ Kf8 42. Rdd4 Qxf3+ 43. Kb4 h3 44. Rh4 Qb3+ 45. Ka5 Qxa3 46.
Rdg4 Ke8 47. Kxb5 Qb3+ 48. Kc6 e6 49. dxe6 fxe6 50. Rxa4 Qd5+ 51. Kb6 Qc5+ 52.
Kb7 e5 53. Rac4 Qb5+ 54. Kc7 Ke7 55. Rb4 Qd7+ 56. Kb6 Qf5 57. Kc6 Qc8+ 58. Kb6
Qc5+ 59. Ka6 h2 60. Rb7+ Ke6 61. Rxh2 Qc6+ 62. Ka7 e4 63. Rh6+ Kd5 64. Rb6 Qc7+
65. Ka6 e3 66. Rh2 Kd4 67. Rbb2 d5 68. Kb5 Qc4+ 69. Ka5 Kd3 70. Rhe2 d4 71. Ra2
Ke4 72. Rac2 Qd5+ 73. Kb4 d3 {White resigns} 0-1

[Event "Team 45 45 League T60"]
[Site "Internet Chess Club"]
[Date "2014.03.24"]
[Round "4"]
[White "zugknightly"]
[Black "LiangLiang"]
[Result "1-0"]
[WhiteElo "1865"]
[BlackElo "1772"]
[Opening "Grünfeld: Grünfeld gambit accepted"]
[ECO "D84"]
[Time "19:34:18"]
[TimeControl "2700+45"]

1. d4 Nf6 2. c4 g6 3. Nc3 d5 4. Bf4 Bg7 5. e3 O-O 6. cxd5 Nxd5 7. Nxd5 Qxd5 8.
Bxc7 Nc6 9. Ne2 Bf5 10. Nc3 Qd7 11. Bf4 Nb4 12. Rc1 Be6 13. a3 Nd5 14. Nxd5 Bxd5
15. f3 e6 16. Bc4 Rac8 17. Bxd5 Qxd5 18. O-O Rfd8 19. Qe2 g5 20. Bg3 f5 21. Bf2
f4 22. e4 Qd7 23. Rxc8 Rxc8 24. Rd1 b5 25. h3 Rd8 26. Qd2 e5 27. d5 Bf8 28. Rc1
h5 29. Qc3 Bd6 30. Qc6 Qg7 31. Bc5 Bxc5+ 32. Rxc5 Rf8 33. Qe6+ Kh8 34. Rc8 Rxc8
35. Qxc8+ Kh7 36. d6 Qf6 37. Qc7+ {Black resigns} 1-0

[Event "Team 45 45 League T60"]
[Site "Internet Chess Club"]
[Date "2014.03.22"]
[Round "4"]
[White "Gater-Nation"]
[Black "yummy2"]
[Result "0-1"]
[WhiteElo "2002"]
[BlackElo "2372"]
[Opening "Ruy Lopez: Berlin defense"]
[ECO "C65"]
[Time "20:00:14"]
[TimeControl "2700+45"]

1. e4 e5 2. Nf3 Nc6 3. Bb5 Nf6 4. d3 Bc5 5. c3 d6 6. Nbd2 O-O 7. O-O Ne7 8. d4
exd4 9. cxd4 Bb6 10. Bd3 Bg4 11. h3 Bh5 12. Nb3 Nc6 13. Be3 Re8 14. Re1 h6 15.
Rc1 Nb4 16. Bb1 Nxe4 17. a3 Nd5 18. Bxh6 Bg6 19. Bd2 Qf6 20. Qe2 Re6 21. Qc4 c6
22. Bxe4 Rxe4 23. Ng5 Rxe1+ 24. Rxe1 Nf4 25. h4 Bd3 26. Qxf7+ Qxf7 27. Nxf7 Ne2+
28. Rxe2 Bxe2 29. Nxd6 Bd1 30. Nc5 Rd8 31. Ncxb7 Rd7 32. Bg5 Bxd4 33. b4 Bg4 34.
Bf4 Re7 35. Bg3 Re1+ 36. Kh2 Ra1 37. Na5 Bd7 38. Nac4 Ra2 39. f3 Be6 40. Ne5 Bd5
41. Nf5 Bxe5 42. Bxe5 Bxf3 43. Ne3 Rxa3 44. Bd4 Be4 45. g4 Ra4 46. Bc5 a5 47.
bxa5 Rxa5 48. Bd6 c5 49. Kg3 Bd3 50. Kf4 c4 51. Bb4 Rb5 52. Bc3 g6 53. Bd4 Be2
54. Ke4 Kf7 55. Bc3 Rb3 56. Kd4 Rb8 57. Ba5 Ra8 58. Bb4 Rd8+ 59. Kc5 Ke6 60. h5
gxh5 61. gxh5 Rh8 62. Be1 Rxh5+ 63. Kd4 Rh8 64. Ke4 Rd8 65. Bc3 Bd3+ 66. Kf4
Rf8+ 67. Kg3 Rf7 {White resigns} 0-1

[Event "Team 45 45 League T60"]
[Site "Internet Chess Club"]
[Date "2014.03.24"]
[Round "4"]
[White "CuatroPrincesas"]
[Black "Barrett-CCSCSL"]
[Result "0-1"]
[WhiteElo "2203"]
[BlackElo "2143"]
[Opening "Caro-Kann: Steinitz variation"]
[ECO "B17"]
[Time "17:00:24"]
[TimeControl "2700+45"]

1. e4 c6 2. d4 d5 3. Nc3 dxe4 4. Nxe4 Nd7 5. Ng5 Ngf6 6. Bd3 e6 7. N1f3 Bd6 8.
Qe2 h6 9. Ne4 Nxe4 10. Qxe4 Nf6 11. Qh4 Ke7 12. Ne5 Bxe5 13. dxe5 Qa5+ 14. c3
Qxe5+ 15. Be3 b6 16. O-O-O Bb7 17. Rhe1 Qc7 18. f4 Kf8 19. Bd4 Nd5 20. Be5 Qe7
21. Qg3 f6 22. Bd4 g5 23. fxg5 hxg5 24. Qf2 c5 25. Be5 Kg8 26. Bg3 Rf8 27. c4
Nf4 28. Bxf4 gxf4 29. Bf5 Bc8 30. Qxf4 Kf7 31. Bg4 e5 32. Qf3 Bxg4 33. Qxg4 Rd8
34. Rxd8 Rxd8 35. Qh5+ Ke6 36. Qg4+ f5 37. Qg3 e4 38. Qf4 Qd6 39. Qh6+ Ke5 40.
Qg7+ Qf6 41. Qc7+ Ke6 42. g4 Rd4 43. Qc8+ Ke5 44. Qc7+ Ke6 45. Qc8+ Kf7 46. Rf1
f4 47. Qc7+ Kg6 48. Rxf4 Qe6 49. b3 e3 50. Rxd4 cxd4 51. Qf4 e2 52. Qf5+ Qxf5
53. gxf5+ Kxf5 54. Kd2 d3 55. b4 Kf4 56. c5 bxc5 57. bxc5 Kf3 58. c6 Kf2 {White
resigns} 0-1

[Event "Team 45 45 League T60"]
[Site "Internet Chess Club"]
[Date "2014.03.25"]
[Round "4"]
[White "BigH"]
[Black "Cryptochess"]
[Result "1-0"]
[WhiteElo "2135"]
[BlackElo "2095"]
[Opening "Queen's pawn: London system"]
[ECO "A45"]
[Time "15:00:25"]
[TimeControl "2700+45"]

1. d4 Nf6 2. Bf4 e6 3. e3 c5 4. c3 b6 5. Nd2 Bb7 6. Ngf3 Be7 7. h3 O-O 8. Bd3 d5
9. O-O Nbd7 10. a4 Rc8 11. Ne5 Nxe5 12. dxe5 Nd7 13. Qg4 g6 14. Nf3 Re8 15. h4
d4 16. Ng5 Bxg5 17. hxg5 dxc3 18. bxc3 Nxe5 19. Bxe5 Qxd3 20. Bf6 h5 21. Rfd1
Qxc3 22. Bxc3 hxg4 23. Bf6 e5 24. Kh2 Re6 25. Kg3 c4 26. Rd7 Bc6 27. Rxa7 c3 28.
Rc1 Be8 29. Rc2 Kh7 30. Kxg4 Rcc6 31. f4 exf4 32. exf4 Re1 33. g3 Rh1 34. Re2
Rc8 35. Rc7 Ra8 36. Bxc3 Bxa4 37. Rxf7+ Kg8 38. Rg7+ Kf8 39. Rd2 Bd1+ 40. Rxd1
Rxd1 41. Rxg6 Rb8 42. Rh6 Ke7 43. Bf6+ Kd7 44. Be5 Re8 45. Kf5 b5 46. Rb6 Rd5
47. g6 Ke7 48. Rb7+ Kf8 49. Kf6 Kg8 50. g4 b4 51. Rxb4 Rf8+ 52. Kg5 Re8 53. Kf5
Rf8+ 54. Ke4 Rd1 55. Rb7 Re1+ 56. Kd5 Rd8+ 57. Ke6 Re8+ 58. Kf6 Re4 59. Rg7+ Kh8
60. Rh7+ Kg8 61. Kf5 {Black resigns} 1-0

[Event "Team 45 45 League T60"]
[Site "Internet Chess Club"]
[Date "2014.03.21"]
[Round "4"]
[White "gump12345"]
[Black "zigzag2002"]
[Result "1/2-1/2"]
[WhiteElo "2003"]
[BlackElo "2017"]
[Opening "Sicilian: Najdorf, 6.Bg5"]
[ECO "B94"]
[Time "19:42:33"]
[TimeControl "2700+45"]

1. e4 c5 2. Nf3 d6 3. d4 cxd4 4. Nxd4 Nf6 5. Nc3 a6 6. Bg5 Nbd7 7. Qe2 e6 8. f4
Qc7 9. O-O-O b5 10. a3 Bb7 11. g4 Be7 12. Bg2 Rc8 13. Kb1 O-O 14. Bxf6 Bxf6 15.
g5 Be7 16. Qg4 Nb6 17. Rd3 Nc4 18. Qh5 Qb6 19. Rh3 h6 20. Rd1 b4 21. axb4 Qxb4
22. Nb3 a5 23. gxh6 g6 24. Qb5 Nxb2 25. Qxb4 axb4 26. Kxb2 bxc3+ 27. Rxc3 Rxc3
28. Kxc3 Rc8+ 29. Kd3 Kh7 30. Ra1 Ra8 31. Rxa8 Bxa8 32. Nd4 Kxh6 33. Bf3 e5 34.
fxe5 dxe5 35. Nb3 Bc6 36. Na5 Be8 37. Kc4 Kg5 38. Kd5 Kf4 39. Bg2 Bd7 40. c4
Be6+ 41. Kc6 Bb4 42. Nb3 Bxc4 43. Nc5 Bxc5 44. Kxc5 Bd3 45. Kd5 Bb1 46. Bh1 f5
47. exf5 gxf5 48. h4 e4 49. h5 Kg5 50. Ke5 e3 51. Bf3 f4 52. h6 Bh7 53. Be2 Bf5
54. Bf3 Bd3 55. Bd1 Bb1 56. Be2 Bh7 57. Bf3 Bc2 58. Be2 Bg6 59. Bf3 Bh7 60. Be2
Bg6 61. Bf3 Bf5 62. Be2 Bb1 63. Bd1 Bd3 64. Bf3 Bh7 {Game drawn by repetition}
1/2-1/2

[Event "Team 45 45 League T60"]
[Site "Internet Chess Club"]
[Date "2014.03.18"]
[Round "4"]
[White "imgr8"]
[Black "xwang1"]
[Result "1-0"]
[WhiteElo "2167"]
[BlackElo "2086"]
[Opening "Giuoco Piano"]
[ECO "C54"]
[Time "22:08:06"]
[TimeControl "2700+45"]

1. e4 e5 2. Nf3 Nc6 3. Bc4 Bc5 4. c3 Nf6 5. d3 d6 6. Bb3 O-O 7. Nbd2 h6 8. Nf1
Re8 9. Ng3 Be6 10. Bc2 d5 11. exd5 Nxd5 12. O-O Qd7 13. Re1 f6 14. h3 Rad8 15.
d4 exd4 16. Qd3 Kf8 17. Nh4 Bf5 18. Rxe8+ Rxe8 19. Ngxf5 dxc3 20. Ng6+ Kf7 21.
Qg3 Re1+ 22. Kh2 Nd4 23. Nxd4 Bxd4 24. bxc3 Bxc3 25. Rb1 c6 26. Nf4 Rxc1 27.
Rxc1 Be5 28. Bb3 Qd6 29. Bxd5+ cxd5 30. Qg6+ Ke7 31. Qxg7+ Kd8 32. Qg8+ Kd7 33.
Qc8+ Ke7 34. Qxb7+ Qd7 35. Qxd7+ Kxd7 36. g3 {Black resigns} 1-0

[Event "Team 45 45 League T60"]
[Site "Internet Chess Club"]
[Date "2014.03.21"]
[Round "4"]
[White "juniorVishy"]
[Black "nurmi"]
[Result "0-1"]
[WhiteElo "1764"]
[BlackElo "2009"]
[Opening "Benkö gambit accepted"]
[ECO "A58"]
[Time "20:00:39"]
[TimeControl "2700+45"]

1. d4 c5 2. d5 Nf6 3. c4 b5 4. cxb5 a6 5. bxa6 Bxa6 6. Nc3 g6 7. Nf3 Bg7 8. g3
O-O 9. Bg2 d6 10. O-O Nbd7 11. Qc2 Nb6 12. Rd1 Qd7 13. Rb1 Bc4 14. b3 Bxd5 15.
Bg5 Bb7 16. Ne5 Qc8 17. Nc4 Nbd7 18. e4 h6 19. Bf4 Ng4 20. Nd5 Bxd5 21. exd5 Qa6
22. a4 Nge5 23. Nxe5 Nxe5 24. Qd2 Kh7 25. Be4 Rab8 26. h4 Rb4 27. Qc2 f5 28. Bg2
Rfb8 29. h5 Qc8 30. hxg6+ Kxg6 31. a5 Ra8 32. Bd2 Rbb8 33. Bc3 c4 34. b4 Bf6 35.
b5 Nd3 36. Bxf6 exf6 37. a6 Qc5 38. Rxd3 cxd3 39. Qxc5 dxc5 40. d6 Rxa6 41. d7
Rd6 42. Kf1 Rxd7 43. Ke1 Re8+ 44. Kf1 d2 45. Bf3 c4 46. b6 c3 47. Bd1 Re1+ 48.
Kg2 Rxd1 49. Rxd1 c2 50. Rxd2 Rxd2 51. b7 Rd8 {White resigns} 0-1

[Event "Team 45 45 League T60"]
[Site "Internet Chess Club"]
[Date "2014.03.30"]
[Round "4"]
[White "Wargasm"]
[Black "MintyBlue"]
[Result "1-0"]
[WhiteElo "2222"]
[BlackElo "2146"]
[Opening "Catalan: closed, main line"]
[ECO "E09"]
[Time "12:01:51"]
[TimeControl "2700+45"]

1. d4 d5 2. c4 e6 3. Nf3 Nf6 4. g3 Be7 5. Bg2 O-O 6. O-O c6 7. Qc2 Nbd7 8. Nbd2
b6 9. e4 Bb7 10. e5 Ne8 11. cxd5 cxd5 12. Re1 Rc8 13. Qa4 Nc7 14. Nf1 b5 15. Qd1
b4 16. h4 f6 17. exf6 Nxf6 18. Ng5 Qd7 19. Bf4 Bd6 20. Bxd6 Qxd6 21. Rc1 Rfe8
22. Nd2 h6 23. Ngf3 Nb5 24. Nb3 Rxc1 25. Qxc1 Ne4 26. Nfd2 Rc8 27. Qd1 Nf6 28.
Bh3 Re8 29. Qe2 Nc7 30. Nc5 Bc8 31. Qe3 Qb6 32. Qe5 Nb5 33. Nf3 Kh7 34. g4 Nd7
35. Nxd7 Bxd7 36. g5 Rf8 37. Qe3 Qd6 38. Ne5 Be8 39. Bf1 Qe7 40. Bd3+ g6 41. Ng4
h5 42. Nf6+ Kg7 43. Qxe6 {Black resigns} 1-0

[Event "Team 45 45 League T60"]
[Site "Internet Chess Club"]
[Date "2014.03.26"]
[Round "4"]
[White "Jack-ONeill"]
[Black "steadman"]
[Result "1/2-1/2"]
[WhiteElo "2075"]
[BlackElo "2189"]
[Opening "Sicilian: Taimanov (Bastrikov) variation"]
[ECO "B47"]
[Time "15:08:47"]
[TimeControl "2700+45"]

1. e4 c5 2. Nf3 e6 3. d4 cxd4 4. Nxd4 Nc6 5. Nc3 Qc7 6. Be2 a6 7. O-O Nf6 8. Kh1
Nxd4 9. Qxd4 Bc5 10. Qd3 b5 11. f4 Bb7 12. Bf3 h5 13. e5 Ng4 14. Bxb7 Qxb7 15.
Ne4 Rc8 16. a4 {Game drawn by mutual agreement} 1/2-1/2